 Dungeon Crawl Stone Soup version 0.32-a0-485-g70f7560b1c (webtiles) character file.

Game seed: 4974594822086480868

96 ytrimaz the Ruffian (level 4, -2/12 HPs)
             Began as an Octopode Shapeshifter on Feb 27, 2024.
             Slain by a quokka (3 damage)
             ... on level 3 of the Dungeon.
             The game lasted 00:02:57 (1179 turns).

ytrimaz the Ruffian (Octopode Shapeshifter)         Turns: 1179, Time: 00:02:58

Health: -2/12      AC:  4    Str: 18    XL:     4   Next: 67%
Magic:  6/6        EV: 10    Int: 14    God:
Gold:   119        SH:  0    Dex: 11    Spells: 6/6 levels left

rFire   . .          .
                       - Unarmed
rCold   . . .        (shield currently unavailable)
rNeg    . . .        (helmet currently unavailable)
rPois   +            (no amulet)
rElec   .            (no ring)
rCorr   .            (no ring)
SInv    .            (no ring)
Will    .....        (no ring)
Stlth   +            (no ring)
HPRegen 0.22/turn    (no ring)
MPRegen 0.10/turn    (no ring)
                     (no ring)

%: no passive effects
@: snake-form
A: constrict, reduced hp, almost no armour, amphibious, 8 rings, large,
(camouflage 1), (gelatinous body 1), (nimble swimmer 1), (tentacles)
a: Begin Untransformation


You were on level 3 of the Dungeon.
You were an enormous serpent.
You visited 1 branch of the dungeon, and saw 4 of its levels.

You collected 119 gold pieces.


Innate Abilities, Weirdness & Mutations

You are an enormous serpent.
You have a powerful constriction melee attack.
Your maximum health is decreased, since you lack skill for your form.
Your armour is entirely melded.
You are incapable of wielding weapons or throwing items.
You cannot wear most types of armour.
You are amphibious.
You can wear up to eight rings at the same time.
((Your skin changes colour to match your surroundings (Stealth+).))
((Your rubbery body absorbs attacks. (AC +1, EV +1)))
((You are camouflaged when in or above water. (Stealth+)))
((You have tentacles for arms and can constrict up to eight enemies at once.))


   Skills:
 - Level 1.0 Fighting
 - Level 2.0 Dodging
 - Level 0.4 Stealth
 + Level 3.9 Unarmed Combat
 + Level 1.8 Spellcasting
 + Level 3.7 Shapeshifting


You had 6 spell levels left.
You didn't know any spells.
Your spell library was empty.

Inventory:

Talismans
 b - a beast talisman
 c - a flux talisman
 k - a serpent talisman (active)
   (You found it on level 2 of the Dungeon)
Scrolls
 d - 3 scrolls of fog {unknown}
 h - a scroll of teleportation {unknown}
 i - a scroll of amnesia {unknown}
Potions
 a - a potion of lignification
 e - a potion of haste {unknown}
 f - a potion of heal wounds {unknown}
 g - a potion of curing {unknown}
 j - a potion of berserk rage {unknown}

Dungeon Overview and Level Annotations

Branches:
Dungeon (4/15) Zot: 22824
 Temple: D:4-7

Altars:

###........
..#........#
#.#........#
#.#.?......#
#.#........#
#.#........#
#.#........#
#Sr.†......##
###..#####...
#.†###...##
+.........#
#..>.#.##.
#........#
#.......##
#.........
#..........


You could see a quokka.


Message History

a +0 dagger; a kobold corpse An endoplasm comes into view.
You see here a +0 hand axe of flaming.
The endoplasm quivers.
There are no items here.
There are no items here.
You lash the endoplasm!
You kill the endoplasm!
Key pressed, stopping explore.
Nothing quivered!
You now have 115 gold pieces (gained 6).
There is a stone staircase leading down here.
Key pressed, stopping explore.
A hobgoblin comes into view.
A hobgoblin is nearby!
A hobgoblin is nearby!
A hobgoblin is nearby!
The hobgoblin shouts!
The hobgoblin barely misses you.
You barely miss the hobgoblin. You grab the hobgoblin.
You constrict the hobgoblin. The hobgoblin closely misses you.
You lash the hobgoblin!
You kill the hobgoblin!
No target in view!
You see here a hobgoblin corpse.
No target in view!
You now have 119 gold pieces (gained 4).
Key pressed, stopping explore.
A bat comes into view.
A bat is nearby!
A ball python comes into view.
The bat barely misses you.
You see here a +0 leather armour.
The ball python hisses angrily.
You lash the bat!
You kill the bat!
A malevolent force fills the Dungeon...
You fall into a shaft and drop 2 floors!
The shaft crumbles and collapses.
Found a stone staircase leading up.
Unknown command.
A bombardier beetle comes into view.
The bombardier beetle sprays incendiary fluid at you.
The burning spray misses you.
There is a stone staircase leading up here.
You climb upwards.
There is a stone staircase leading down here.
Unknown command.
You lash the giant cockroach!
You kill the giant cockroach!
An endoplasm comes into view.
You see here a giant cockroach corpse.
An adder comes into view.
The ball python bites you but does no damage.
Unknown command.
You hit the ball python.
You kill the ball python!
The endoplasm quivers.
The endoplasm freezes you.
You are frozen.
You feel yourself slow down. 😮 HP[-4]
You take 4 damage, and now have 8/12 hp.
MASSIVE DAMAGE!! (PAUSE)
You lash the endoplasm!
You kill the endoplasm!
Unknown command.
The adder bites you but does no damage. 😮 HP[+1]
You miss the adder. Your grab misses the adder.
You feel yourself speed up. The adder bites you but does no damage.
The adder bites you. 😮 HP[-2]
You take 2 damage, and now have 7/12 hp.
You are too injured to fight recklessly!
You closely miss the adder. Your grab misses the adder.
The adder barely misses you.
Unknown command.
You closely miss the adder. Your grab misses the adder. The adder bites you.
* * * LOW HITPOINT WARNING * * *
You are too injured to fight recklessly! 😨 HP[-1]
You take 1 damage, and now have 6/12 hp.
You lash the adder!
You kill the adder! 😮 HP[+1] Unknown command.
You barely miss the quokka. Your grab misses the quokka. The quokka bites you.
* * * LOW HITPOINT WARNING * * *
The quokka barely misses you. 😱 HP[-4]
You take 4 damage, and now have 3/12 hp.
MASSIVE DAMAGE!! (PAUSE)
You miss the quokka. Your grab misses the quokka. The quokka bites you.
* * * LOW HITPOINT WARNING * * *
😱 HP[-2]
You take 2 damage, and now have 1/12 hp.
Unknown command.
You barely miss the quokka. Your grab misses the quokka. The quokka bites you.
You die...

Skill      XL: |  1  2 |
---------------+-------+-----
Spellcasting   | 1 |  1.8
Fighting       | |  1.0
Dodging        | |  2.0
Stealth        | |  0.4
Unarmed Combat | |  3.9
Shapeshifting  | |  3.7

Action                     |  1- 3 |  4- 6 || total
---------------------------+-------+-------++-------
  Melee: Unarmed           |    49 |    35 ||    84
         Constrict         |    10 |     6 ||    16
         Tentacles         |     7 |     6 ||    13
         Punch             |     1 |       ||     1
   Stab: Sleeping          |     3 |     1 ||     4
 Armour: Skin              |    21 |    16 ||    37
  Dodge: Dodged            |    40 |    21 ||    61
   Form: Serpent           |       |     1 ||     1

Levels and vault maps discovered:
D:1:      amcnicky_arrival_blooded_trapdoor, layout_basic
D:2:      layout_loops_ring, uniq_jessica
D:3:      minmay_chambers_of_twos, layout_basic, nicolae_overflow_hidden_temple,
          minmay_misc_feat_enclosed
D:4:      layout_loops_ring, roderic_roman_lattice

Notes
Turn   | Place    | Note
-------+----------+-------------------------------------------
     0 | D:1      | ytrimaz the Octopode Shapeshifter began the quest for the
                  | Orb.
     0 | D:1      | Reached XP level 1. HP: 13/13 MP: 1/1
     0 | D:1      | magus.rc [v1.9.6]
   127 | D:1      | Reached XP level 2. HP: 18/18 MP: 2/2
   409 | D:1      | Reached skill level 1 in Spellcasting
   588 | D:2      | Reached XP level 3. HP: 23/23 MP: 4/4
   676 | D:2      | Noticed Jessica
   684 | D:2      | Killed Jessica
   692 | D:2      | Reached XP level 4. HP: 8/28 MP: 4/6
  1136 | D:2      | You fall into a shaft and drop 2 floors!
  1177 | D:3      | HP: 3/12 [quokka (4)]
  1178 | D:3      | HP: 1/12 [quokka (2)]
  1179 | D:3      | Slain by a quokka

Vanquished Creatures
  Jessica (D:2)
  2 adders
  4 ball pythons
  7 bats
  6 endoplasms
  4 giant cockroaches
  2 goblins
  7 hobgoblins
  4 jackals (D:2)
  A frilled lizard (D:2)
  3 kobolds
  4 rats
45 creatures vanquished.

Table legend:
 A = Non-vault XP
 B = Vault XP
 C = Vault XP percentage of total XP
 D = Non-vault monster count
 E = Vault monster count
 F = Vault count percentage of total count
                 A         B        C        D         E       F
            +---------+---------+-------+---------+---------+-------
      Total |     101 |      37 |  26.8 |      44 |       1 |   2.2
            +---------+---------+-------+---------+---------+-------
        D:1 |      32 |       0 |   0.0 |      19 |       0 |   0.0
        D:2 |      50 |      37 |  42.5 |      21 |       1 |   4.5
        D:3 |      19 |       0 |   0.0 |       4 |       0 |   0.0
            +---------+---------+-------+---------+---------+-------

Skill      XL: |  1  2 |
---------------+-------+-----
Spellcasting   | 1 |  1.8
Fighting       | |  1.0
Dodging        | |  2.0
Stealth        | |  0.4
Unarmed Combat | |  3.9
Shapeshifting  | |  3.7

Action                     |  1- 3 |  4- 6 || total
---------------------------+-------+-------++-------
  Melee: Unarmed           |    49 |    35 ||    84
         Constrict         |    10 |     6 ||    16
         Tentacles         |     7 |     6 ||    13
         Punch             |     1 |       ||     1
   Stab: Sleeping          |     3 |     1 ||     4
 Armour: Skin              |    21 |    16 ||    37
  Dodge: Dodged            |    40 |    21 ||    61
   Form: Serpent           |       |     1 ||     1

Illustrated notes

Table legend:
 A = Kills in this place as a percentage of kills in the entire game.
 B = Kills by you in this place as a percentage of kills by you in the entire game.
 C = Kills by friends in this place as a percentage of kills by friends in the entire game.
 D = Other kills in this place as a percentage of other kills in the entire game.
 E = Experience gained in this place as a percentage of experience gained in the entire game.
 F = Experience gained in this place divided by the number of levels of this place that you have seen.
                   A       B       C       D       E      F
               +-------+-------+-------+-------+-------+----------------------
         Total | 100.0 | 100.0 |   N/A |   N/A | 100.0 |  34.5
       Dungeon | 100.0 | 100.0 |   N/A |   N/A | 100.0 |  34.5
               +-------+-------+-------+-------+-------+----------------------

Table legend: (Time is in decaauts)
 A = Elapsed time spent in this place.
 B = Non-inter-level travel time spent in this place.
 C = Inter-level travel time spent in this place.
 D = Time resting spent in this place.
 E = Time spent auto-exploring this place.
 F = Levels seen in this place.
 G = Mean time per level.
                   A        B        C        D        E       F      G
               +--------+--------+--------+--------+--------+-----+--------+
         Total |   1174 |   1161 |     13 |      0 |    850 |   4 |  293.5 |
       Dungeon |   1174 |   1161 |     13 |      0 |    850 |   4 |  293.5 |
               +--------+--------+--------+--------+--------+-----+--------+

Top non-repeatable levels by time:
     D:2: 565 daAuts
     D:1: 564 daAuts
     D:4: 25 daAuts
     D:3: 18 daAuts
